| TOP OF THE 1ST |
|
Modesto Nuts batting - Pitching for Renton Wrecks : RHP Gary Frank
|
|
Pitching: RHP Gary Frank
|
|
|
Batting: RHB Andre Lowe
|
0-0: Ball 1-0: Ball 2-0: Ball 3-0: Base on Balls
|
|
Batting: RHB Johnny Tutt
|
0-0: Called Strike 0-1: Ball 1-1: Ball 2-1: SINGLE (Line Drive, 34D, EV 108.8 MPH) Andre Lowe to second Runner from 2nd tries for 3rd, SAFE, throw by RF made to third
|
|
Batting: LHB Dave McLaughlin
|
0-0: Ball Johnny Tutt steals 2nd base 1-0: Ball 2-0: Foul Ball, location: 2F 2-1: Fly out, F8 (Flyball, 78D, EV 92.5 MPH) Runner from 3rd tags up, SCORES, throw by CF Johnny Tutt to third
|
|
Batting: RHB Antonio Lopez
|
0-0: Ball 1-0: Ground out 5-3 (Groundball, 56S, EV 69.4 MPH) Johnny Tutt scores
|
|
Batting: RHB James Cecchini
|
0-0: Ball 1-0: Fly out, F8 (Line Drive, 8LM, EV 98.8 MPH)
|
| Top of the 1st over - 2 runs, 1 hit, 0 errors, 0 left on base; Modesto 2 - Renton 0 |
| BOTTOM OF THE 1ST |
|
Renton Wrecks batting - Pitching for Modesto Nuts : RHP Kevin Price
|
|
Pitching: RHP Kevin Price
|
|
|
Batting: RHB Rolando Pino
|
0-0: Called Strike 0-1: Ball 1-1: Ground out 6-3 (Groundball, 6, EV 79.4 MPH)
|
|
Batting: LHB Troy Thomas
|
0-0: Called Strike 0-1: Ball 1-1: Ball 2-1: Swinging Strike 2-2: Strikes out swinging
|
|
Batting: RHB Luis Gomez
|
0-0: Ball 1-0: Called Strike 1-1: Fly out, F8 (Flyball, 8LXD, EV 106.9 MPH)
|
| Bottom of the 1st over - 0 runs, 0 hits, 0 errors, 0 left on base; Modesto 2 - Renton 0 |
| TOP OF THE 2ND |
|
Modesto Nuts batting - Pitching for Renton Wrecks : RHP Gary Frank
|
|
Batting: LHB Nelson Burciaga
|
0-0: Ground out 4-3 (Groundball, 4, EV 83.8 MPH)
|
|
Batting: RHB Mike Miller
|
0-0: Ball 1-0: DOUBLE (Flyball, 8LXD, EV 109.4 MPH)
|
|
Batting: RHB Jesus Vila
|
0-0: Ball 1-0: TRIPLE (Flyball, 7D, EV 98.1 MPH) Mike Miller scores
|
|
Batting: RHB Carlos Leal
|
0-0: Ball 1-0: Foul Ball, location: 2F 1-1: Called Strike 1-2: Ball 2-2: Ball 3-2: Foul Ball, location: 2F 3-2: Strikes out swinging
|
|
Batting: RHB Andre Lowe
|
0-0: Foul Ball, location: 2F 0-1: Ball 1-1: Ball 2-1: Foul Ball, location: 2F 2-2: Foul Ball, location: 2F 2-2: Ball 3-2: Foul Ball, location: 2F 3-2: Ground out 3-1 (Groundball, 34, EV 93.1 MPH)
|
| Top of the 2nd over - 1 run, 2 hits, 0 errors, 1 left on base; Modesto 3 - Renton 0 |
| BOTTOM OF THE 2ND |
|
Renton Wrecks batting - Pitching for Modesto Nuts : RHP Kevin Price
|
|
Batting: SHB Ethan Charles
|
0-0: SINGLE (Line Drive, 8LS, EV 98.1 MPH)
|
|
Batting: RHB Jose Leiva
|
0-0: Ball 1-0: Swinging Strike 1-1: Ball 2-1: Called Strike Ethan Charles is caught stealing 2nd base 2-4 2-2: Foul Ball, location: 2F 2-2: Strikes out swinging
|
|
Batting: LHB Paul Thoutsis
|
0-0: Ball 1-0: Ball 2-0: Foul Ball, location: 2F 2-1: Swinging Strike 2-2: Foul Ball, location: 2F 2-2: Ball 3-2: Base on Balls
|
|
Batting: RHB Frank Garcia
|
0-0: Ball 1-0: Foul Ball, location: 2F 1-1: Ball 2-1: Swinging Strike 2-2: Strikes out looking
|
| Bottom of the 2nd over - 0 runs, 1 hit, 0 errors, 1 left on base; Modesto 3 - Renton 0 |
| TOP OF THE 3RD |
|
Modesto Nuts batting - Pitching for Renton Wrecks : RHP Gary Frank
|
|
Batting: RHB Johnny Tutt
|
0-0: Ball 1-0: Ball 2-0: Ball 3-0: Called Strike 3-1: Foul Ball, location: 2F 3-2: Base on Balls
|
|
Batting: LHB Dave McLaughlin
|
0-0: Ball 1-0: SINGLE (Flyball, 4D, EV 91.3 MPH) Johnny Tutt to second
|
|
Batting: RHB Antonio Lopez
|
0-0: Fly out, F3 (Flyball, 3D, EV 88.8 MPH)
|
|
Batting: RHB James Cecchini
|
0-0: Called Strike Johnny Tutt steals 3rd base Dave McLaughlin to second 0-1: Fly out, F3 (Popup, 3S, EV 72.5 MPH)
|
|
Batting: LHB Nelson Burciaga
|
0-0: Ball 1-0: Ball 2-0: Foul Ball, location: 2F 2-1: Swinging Strike 2-2: Foul Ball, location: 2F 2-2: Ball 3-2: Foul Ball, location: 2F 3-2: Base on Balls
|
|
Batting: RHB Mike Miller
|
0-0: Called Strike 0-1: Ball 1-1: Foul Ball, location: 2F 1-2: Foul Ball, location: 2F 1-2: Ball 2-2: Ball 3-2: SINGLE (Groundball, 6D, EV 98.8 MPH) Johnny Tutt scores Dave McLaughlin to third Nelson Burciaga to second Dave McLaughlin scores Nelson Burciaga to third
|
|
Batting: RHB Jesus Vila
|
0-0: Ball 1-0: Called Strike 1-1: SINGLE (Groundball, 6M, EV 107.5 MPH) (infield hit) Nelson Burciaga scores Mike Miller to second
|
|
Pitching: RHP Gregory Norris
|
|
|
Batting: RHB Carlos Leal
|
0-0: Ball 1-0: Ball 2-0: Ball 3-0: Base on Balls Mike Miller to third Jesus Vila to second
|
|
Batting: RHB Andre Lowe
|
0-0: Ball 1-0: Reached on error, E6 (Groundball, 6M, EV 91.3 MPH) Mike Miller scores Jesus Vila to third Carlos Leal to second
|
|
Batting: RHB Johnny Tutt
|
0-0: Called Strike 0-1: Swinging Strike 0-2: Ball 1-2: Ground out 5-3 (Groundball, 56S, EV 82.5 MPH)
|
| Top of the 3rd over - 4 runs, 3 hits, 1 error, 3 left on base; Modesto 7 - Renton 0 |
| BOTTOM OF THE 3RD |
|
Renton Wrecks batting - Pitching for Modesto Nuts : RHP Kevin Price
|
|
Batting: LHB Christian Bryeans
|
0-0: Ball 1-0: Ball 2-0: Fly out, F8 (Flyball, 78XD, EV 105.6 MPH)
|
|
Batting: RHB Tony Bolla
|
0-0: Ball 1-0: Fly out, F4 (Line Drive, 4, EV 68.8 MPH)
|
|
Batting: RHB Rolando Pino
|
0-0: Foul Ball, location: 2F 0-1: Swinging Strike 0-2: Ball 1-2: Ball 2-2: Foul Ball, location: 2F 2-2: Strikes out swinging
|
| Bottom of the 3rd over - 0 runs, 0 hits, 0 errors, 0 left on base; Modesto 7 - Renton 0 |
| TOP OF THE 4TH |
|
Modesto Nuts batting - Pitching for Renton Wrecks : RHP Gregory Norris
|
|
Batting: LHB Dave McLaughlin
|
0-0: Foul Ball, location: 2F 0-1: Foul Ball, location: 2F 0-2: Foul Ball, location: 2F 0-2: Ball 1-2: Strikes out swinging
|
|
Batting: RHB Antonio Lopez
|
0-0: Fly out, F7 (Flyball, 78S, EV 81.3 MPH)
|
|
Batting: RHB James Cecchini
|
0-0: Called Strike 0-1: Ball 1-1: Ball 2-1: Ball 3-1: Base on Balls
|
|
Batting: LHB Nelson Burciaga
|
0-0: Foul Ball, location: 2F 0-1: Foul Ball, location: 2F 0-2: Ball 1-2: Strikes out swinging
|
| Top of the 4th over - 0 runs, 0 hits, 0 errors, 1 left on base; Modesto 7 - Renton 0 |
| BOTTOM OF THE 4TH |
|
Renton Wrecks batting - Pitching for Modesto Nuts : RHP Kevin Price
|
|
Batting: LHB Troy Thomas
|
0-0: Fly out, F8 (Line Drive, 8RM, EV 98.8 MPH)
|
|
Batting: RHB Luis Gomez
|
0-0: Ball 1-0: Called Strike 1-1: Ground out 5-3 (Groundball, 56, EV 83.8 MPH)
|
|
Batting: SHB Ethan Charles
|
0-0: Called Strike 0-1: Ball 1-1: Fly out, F8 (Flyball, 8LS, EV 90.6 MPH)
|
| Bottom of the 4th over - 0 runs, 0 hits, 0 errors, 0 left on base; Modesto 7 - Renton 0 |
| TOP OF THE 5TH |
|
Modesto Nuts batting - Pitching for Renton Wrecks : RHP Gregory Norris
|
|
Batting: RHB Mike Miller
|
0-0: Called Strike 0-1: Ball 1-1: Ball 2-1: Ball 3-1: Ground out 3-1 (Groundball, 34, EV 106.9 MPH)
|
|
Batting: RHB Jesus Vila
|
0-0: Foul Ball, location: 2F 0-1: Ball 1-1: Swinging Strike 1-2: Ground out 5-3 (Groundball, 56S, EV 87.5 MPH)
|
|
Batting: RHB Carlos Leal
|
0-0: Foul Ball, location: 2F 0-1: Ball 1-1: Foul Ball, location: 2F 1-2: Ball 2-2: Fly out, F9 (Flyball, 89M, EV 74.4 MPH)
|
| Top of the 5th over - 0 runs, 0 hits, 0 errors, 0 left on base; Modesto 7 - Renton 0 |
| BOTTOM OF THE 5TH |
|
Renton Wrecks batting - Pitching for Modesto Nuts : RHP Kevin Price
|
|
Batting: RHB Jose Leiva
|
0-0: Ball 1-0: Ball 2-0: Ball 3-0: Called Strike 3-1: Base on Balls
|
|
Batting: LHB Paul Thoutsis
|
0-0: Grounds into double play, 4-6-3 (Groundball, 4, EV 91.9 MPH)
|
|
Batting: RHB Frank Garcia
|
0-0: SINGLE (Groundball, 4MD, EV 99.4 MPH)
|
|
Batting: LHB Christian Bryeans
|
0-0: SINGLE (Line Drive, 89S, EV 106.3 MPH) Frank Garcia to second
|
|
Batting: RHB Tony Bolla
|
0-0: Fly out, F4 (Popup, 4, EV 65.6 MPH)
|
| Bottom of the 5th over - 0 runs, 2 hits, 0 errors, 2 left on base; Modesto 7 - Renton 0 |
| TOP OF THE 6TH |
|
Modesto Nuts batting - Pitching for Renton Wrecks : RHP Gregory Norris
|
|
Pitching: RHP Alfredo Bisot
|
|
|
Batting: RHB Andre Lowe
|
0-0: Foul Ball, location: 2F 0-1: Called Strike 0-2: Ball 1-2: Ball 2-2: Ball 3-2: Base on Balls
|
|
Batting: RHB Johnny Tutt
|
0-0: Ball 1-0: Called Strike 1-1: Foul Ball, location: 2F 1-2: Ball 2-2: Fly out, F8 (Flyball, 8RM, EV 85.6 MPH)
|
|
Batting: LHB Dave McLaughlin
|
0-0: Called Strike 0-1: Fielders Choice at 2nd, 4-6 (Groundball, 4, EV 87.5 MPH)
|
|
Batting: RHB Antonio Lopez
|
0-0: Foul Ball, location: 2F 0-1: Ball 1-1: Called Strike 1-2: Strikes out swinging
|
| Top of the 6th over - 0 runs, 0 hits, 0 errors, 1 left on base; Modesto 7 - Renton 0 |
| BOTTOM OF THE 6TH |
|
Renton Wrecks batting - Pitching for Modesto Nuts : RHP Kevin Price
|
|
Batting: RHB Rolando Pino
|
0-0: Ball 1-0: Called Strike 1-1: Called Strike 1-2: Ground out 5-3 (Groundball, 56, EV 88.1 MPH)
|
|
Batting: LHB Troy Thomas
|
0-0: Reached on error, E5 (Groundball, 5, EV 82.5 MPH)
|
|
Batting: RHB Luis Gomez
|
0-0: Called Strike 0-1: Ball 1-1: Called Strike 1-2: Ball 2-2: Fly out, F9 (Flyball, 9, EV 88.8 MPH)
|
|
Batting: SHB Ethan Charles
|
0-0: Foul Ball, location: 2F 0-1: Foul Ball, location: 2F 0-2: Ball 1-2: Ball 2-2: Fly out, F4 (Popup, 4D, EV 53.1 MPH)
|
| Bottom of the 6th over - 0 runs, 0 hits, 1 error, 1 left on base; Modesto 7 - Renton 0 |
| TOP OF THE 7TH |
|
Modesto Nuts batting - Pitching for Renton Wrecks : RHP Alfredo Bisot
|
|
Batting: RHB James Cecchini
|
0-0: Called Strike 0-1: Foul Ball, location: 2F 0-2: Foul Ball, location: 2F 0-2: Foul Ball, location: 2F 0-2: Strikes out swinging
|
|
Batting: LHB Nelson Burciaga
|
0-0: Ground out 5-3 (Groundball, 56, EV 85.0 MPH)
|
|
Batting: RHB Mike Miller
|
0-0: Called Strike 0-1: Foul Ball, location: 2F 0-2: Ball 1-2: Foul Ball, location: 2F 1-2: Ball 2-2: Ground out 5-3 (Groundball, 56S, EV 64.4 MPH)
|
| Top of the 7th over - 0 runs, 0 hits, 0 errors, 0 left on base; Modesto 7 - Renton 0 |
| BOTTOM OF THE 7TH |
|
Renton Wrecks batting - Pitching for Modesto Nuts : RHP Kevin Price
|
|
Batting: RHB Jose Leiva
|
0-0: Ball 1-0: Foul Ball, location: 2F 1-1: Ball 2-1: Foul Ball, location: 2F 2-2: Foul Ball, location: 2F 2-2: Ball 3-2: Fly out, F4 (Popup, 4, EV 64.4 MPH)
|
|
Pinch Hitting: LHB Freddy Tiburcio
|
0-0: Called Strike 0-1: Fly out, F7 (Flyball, 78D, EV 99.4 MPH)
|
|
Batting: RHB Frank Garcia
|
0-0: Fly out, F9 (Flyball, 89XD, EV 103.1 MPH)
|
| Bottom of the 7th over - 0 runs, 0 hits, 0 errors, 0 left on base; Modesto 7 - Renton 0 |
| TOP OF THE 8TH |
|
Modesto Nuts batting - Pitching for Renton Wrecks : RHP Alfredo Bisot
|
|
Pitching: RHP Stephen Lawrence
|
|
|
Now in RF: Freddy Tiburcio
|
|
|
Batting: RHB Jesus Vila
|
0-0: Ball 1-0: Ball 2-0: Foul Ball, location: 2F 2-1: Foul Ball, location: 2F 2-2: Fly out, F7 (Flyball, 7, EV 86.3 MPH)
|
|
Batting: RHB Carlos Leal
|
0-0: Called Strike 0-1: Ball 1-1: Ball 2-1: Ball 3-1: Base on Balls
|
|
Batting: RHB Andre Lowe
|
0-0: Ball 1-0: Called Strike 1-1: Ball 2-1: Foul Ball, location: 2F 2-2: Ball 3-2: Base on Balls Carlos Leal to second
|
|
Batting: RHB Johnny Tutt
|
0-0: Ground out 5-3 (Groundball, 56S, EV 66.9 MPH) Carlos Leal to third Andre Lowe to second
|
|
Pinch Hitting: LHB Ron Tostenson
|
0-0: Foul Ball, location: 2F 0-1: Ball 1-1: Ball 2-1: Called Strike 2-2: Foul Ball, location: 2F 2-2: Foul Ball, location: 2F 2-2: Ground out 1-3 (Groundball, P, EV 61.3 MPH)
|
| Top of the 8th over - 0 runs, 0 hits, 0 errors, 2 left on base; Modesto 7 - Renton 0 |
| BOTTOM OF THE 8TH |
|
Renton Wrecks batting - Pitching for Modesto Nuts : RHP Kevin Price
|
|
Now in LF: Steve Peruso
|
|
|
Batting: LHB Christian Bryeans
|
0-0: Ball 1-0: Foul Ball, location: 2F 1-1: Called Strike 1-2: Ball 2-2: Ball 3-2: Base on Balls
|
|
Batting: RHB Tony Bolla
|
0-0: Foul Ball, location: 2F 0-1: Ball 1-1: Ball 2-1: Foul Ball, location: 2F 2-2: Strikes out swinging
|
|
Batting: RHB Rolando Pino
|
0-0: SINGLE (Groundball, 6MD, EV 96.3 MPH) Christian Bryeans to second
|
|
Batting: LHB Troy Thomas
|
0-0: Ball 1-0: Ball 2-0: Called Strike 2-1: Fielders Choice at 2nd, 3-6 (Groundball, 34, EV 82.5 MPH) Christian Bryeans to third
|
|
Pitching: LHP David Sweeder
|
|
|
Batting: RHB Luis Gomez
|
0-0: Ball 1-0: Called Strike 1-1: Called Strike 1-2: Ground out 1-3 (Groundball, 34S, EV 70.0 MPH)
|
| Bottom of the 8th over - 0 runs, 1 hit, 0 errors, 2 left on base; Modesto 7 - Renton 0 |
| TOP OF THE 9TH |
|
Modesto Nuts batting - Pitching for Renton Wrecks : RHP Stephen Lawrence
|
|
Batting: RHB Antonio Lopez
|
0-0: Ball 1-0: Ball 2-0: Ground out 4-3 (Groundball, 4, EV 87.5 MPH)
|
|
Batting: RHB James Cecchini
|
0-0: Swinging Strike 0-1: Ball 1-1: Swinging Strike 1-2: Strikes out swinging
|
|
Batting: LHB Nelson Burciaga
|
0-0: Called Strike 0-1: Foul Ball, location: 2F 0-2: Strikes out looking
|
| Top of the 9th over - 0 runs, 0 hits, 0 errors, 0 left on base; Modesto 7 - Renton 0 |
| BOTTOM OF THE 9TH |
|
Renton Wrecks batting - Pitching for Modesto Nuts : LHP David Sweeder
|
|
Batting: SHB Ethan Charles
|
0-0: Ball 1-0: Ball 2-0: Ball 3-0: Base on Balls
|
|
Batting: RHB Jose Leiva
|
0-0: Swinging Strike 0-1: Ball 1-1: Called Strike 1-2: Ball 2-2: Ball 3-2: Foul Ball, location: 2F 3-2: Foul Ball, location: 2F 3-2: Base on Balls Ethan Charles to second
|
|
Batting: LHB Freddy Tiburcio
|
0-0: Called Strike 0-1: Fielders Choice at 2nd, 3-6 (Groundball, 34, EV 103.8 MPH) Ethan Charles to third
|
|
Batting: RHB Frank Garcia
|
0-0: Ball 1-0: Foul Ball, location: 2F 1-1: Foul Ball, location: 2F 1-2: Ball 2-2: SINGLE (Line Drive, 5D, EV 99.4 MPH) Ethan Charles scores Freddy Tiburcio to second
|
|
Pitching: RHP Glenn Ray
|
|
|
Batting: LHB Christian Bryeans
|
0-0: SINGLE (Groundball, 34D, EV 96.3 MPH) Freddy Tiburcio to third Frank Garcia to second
|
|
Batting: RHB Tony Bolla
|
0-0: Fly out, F7 (Flyball, 7LM, EV 96.3 MPH)
|
|
Batting: RHB Rolando Pino
|
0-0: Ball 1-0: Ball 2-0: SINGLE (Flyball, 4D, EV 89.4 MPH) Freddy Tiburcio scores Frank Garcia to third Christian Bryeans to second
|
|
Batting: LHB Troy Thomas
|
0-0: Ball 1-0: Called Strike 1-1: Called Strike 1-2: Fly out, F7 (Flyball, 7LM, EV 92.5 MPH)
|
| Bottom of the 9th over - 2 runs, 3 hits, 0 errors, 3 left on base; Modesto 7 - Renton 2 |
|